 Dungeon Crawl Stone Soup version 0.18.1-48-g4cf74bf (webtiles) character file.

305 Zerowithabang the Chiller (level 6, 0/37 HPs)
             Began as an Octopode Ice Elementalist on June 30, 2016.
             Shot with an arrow by a centaur (8 damage)
             ... on level 3 of the Dungeon.
             The game lasted 00:18:02 (3129 turns).

Zerowithabang the Chiller (OpIE)                    Turns: 3129, Time: 00:18:03

Health: 0/37       AC:  1    Str:  8    XL:     6   Next: 39%
Magic:  11/11      EV: 13    Int: 19    God:
Gold:   177        SH:  0    Dex: 12    Spells: 2 memorised, 9 levels left

rFire  . . .     SeeInvis .     (no weapon)
rCold  . . .     Gourm    .     (no shield)
rNeg   . . .     Faith    .     (helmet restricted)
rPois  .         Spirit   .     (no amulet)
rElec  .         Dismiss  .     (no ring)
rCorr  .         Reflect  .     (no ring)
SustAt .         Harm     .     (no ring)
MR     .....                    (no ring)
Stlth  ++++......               (no ring)
                                (no ring)
                                (no ring)
                                (no ring)

@: not resistant to hostile enchantments, stealthy
A: almost no armour, amphibious, 8 rings, constrict 8, camouflage 1, gelatinous
body 1
a: no special abilities


You were on level 3 of the Dungeon.
You were hungry.

You visited 1 branch of the dungeon, and saw 3 of its levels.

You collected 177 gold pieces.

Inventory:

Jewellery
 o - a cursed ring of teleportation
Wands
 m - a wand of random effects (48/48)
Scrolls
 f - 2 scrolls of teleportation
 g - 7 scrolls of identify
Potions
 e - a potion of berserk rage {unknown}
 h - 2 potions of lignification {unknown}
 i - 2 potions of might {unknown}
 j - a potion of curing {unknown}
 k - 3 potions of agility {unknown}
 l - a potion of degeneration {unknown}
 p - a potion of magic {unknown}
Books
 a - a book of Frost

   Spells                             Type                      Level
   a - Freeze                         Ice                          1
   b - Throw Frost                    Conjuration/Ice              2
   c - Ozocubu's Armour               Charms/Ice                   3
   d - Throw Icicle                   Conjuration/Ice              4
   e - Summon Ice Beast               Ice/Summoning                4
Comestibles
 b - 2 bread rations
 c - 6 meat rations
 d - 2 beef jerkies
 n - 15 fruits


   Skills:
 - Level 0.4 Fighting
 + Level 3.4 Dodging
 + Level 4.6 Stealth
 + Level 3.5 Spellcasting
 - Level 1.0 Conjurations
 + Level 4.6 Ice Magic


You had 9 spell levels left.
You knew the following spells:

 Your Spells              Type           Power        Failure   Level  Hunger
a - Freeze                Ice            ###.         2%          1    None
b - Throw Frost           Conj/Ice       ##....       10%         2    ##.....


Dungeon Overview and Level Annotations

Branches:
Dungeon (3/15)

Altars:
Gozag
Nemelex Xobeh
Xom
Yredelemnul


Innate Abilities, Weirdness & Mutations

You cannot wear most types of armour.
You are amphibious.
You can wear up to eight rings at the same time.
You can use your tentacles to constrict eight enemies at once.
Your skin changes colour to match your surroundings (Stealth).
Your rubbery body absorbs attacks (AC +1).


Message History

The giant newt bites you.
Casting: Freeze
Confirm with . or Enter, or press ? or * to list all spells.
Aiming: Freeze
Press: ? - help, Shift-Dir - straight line, f - giant newt
Aim: a giant newt You freeze the giant newt.
You kill the giant newt!
There is an open door here.
An orc comes into view. It is wielding a hand axe.
The orc moves out of view.
The orc shouts!
You hear a shout! x2
An orc and a centaur come into view.
The centaur wields a shortbow.
The centaur shoots an arrow.
The arrow hits you!
You see here an arrow.
The centaur shoots an arrow.
The arrow hits you!
* * * LOW HITPOINT WARNING * * *
You see here an arrow.
The centaur shoots an arrow.
The arrow hits you!
You die...

#.# ##...... #.#
#..≈≈≈≈. #o #.#
#..≈≈≈≈. #. #.#
#..≈≈≈≈. #. #.#
#..≈≈≈≈. ###.#
##.#######..≈≈≈≈. .c..
#................ #..
#######.....###########
#..##..o(.@.....# ..
#......(###.....#
..##....c..# #.....#
...........# #######
#..........#
#..........#
#.........##
#........## ###......#


You could see a centaur and an orc.

Vanquished Creatures
  The ghost of Ratgod the Gusty, an amateur TeAE (D:3)
  Jessica (D:2)
  Ijyb (D:2)
  Natasha (thrice) (D:2)
  5 adders
  3 dart slugs
  3 giant geckos (D:1)
  An orc (D:3)
  A giant cockroach (D:1)
  8 goblins
  8 hobgoblins
  7 jackals
  5 kobolds
  2 quokkas (D:2)
  5 bats
  3 giant newts
  4 rats (D:1)
61 creatures vanquished.

Notes
Turn   | Place    | Note
--------------------------------------------------------------
     0 | D:1      | Zerowithabang the Octopode Ice Elementalist began the quest for the Orb.
     0 | D:1      | Reached XP level 1. HP: 11/11 MP: 3/3
   261 | D:1      | Reached XP level 2. HP: 13/17 MP: 5/5
   581 | D:1      | Learned a level 2 spell: Throw Frost
   911 | D:1      | Reached XP level 3. HP: 22/22 MP: 4/6
  1207 | D:2      | Found a shimmering altar of Xom.
  1365 | D:2      | Noticed Jessica
  1403 | D:2      | Killed Jessica
  1403 | D:2      | Reached XP level 4. HP: 4/27 MP: 0/8
  1682 | D:2      | Noticed Ijyb
  1698 | D:2      | Killed Ijyb
  1814 | D:2      | Found a faded altar to an unknown god.
  1821 | D:2      | Noticed Natasha
  1837 | D:2      | Killed Natasha
  1837 | D:2      | Reached XP level 5. HP: 14/32 MP: 1/9
  1952 | D:2      | Noticed Natasha
  2210 | D:2      | Killed Natasha
  2251 | D:2      | Found a sparkling altar of Nemelex Xobeh.
  2276 | D:2      | Noticed Natasha
  2298 | D:2      | Killed Natasha
  2622 | D:3      | Noticed Ratgod's ghost (amateur TeAE)
  2633 | D:3      | Killed Ratgod's ghost
  2633 | D:3      | Reached XP level 6. HP: 33/37 MP: 2/11
  2858 | D:3      | Found an opulent altar of Gozag.
  2858 | D:3      | Found a basalt altar of Yredelemnul.
  2984 | D:3      | Found a sparkling altar of Nemelex Xobeh.
  3129 | D:3      | Shot with an arrow by a centaur

Skill      XL: |  1  2  3  4  5 |
---------------+----------------+-----
Stealth        | 3 4 |  4.6
Ice Magic      | 4 |  4.6
Spellcasting   | 3 |  3.5
Dodging        | 3 |  3.4
Fighting       | |  0.4
Conjurations   | |  1.0

Action                   |  1- 3 |  4- 6 || total
-------------------------+-------+-------++-------
Melee: Unarmed           |    35 |       ||    35
       Constrict         |     9 |       ||     9
       Tentacles         |     8 |       ||     8
 Cast: Freeze            |    40 |    55 ||    95
       Throw Frost       |     3 |     3 ||     6
  Use: Scroll            |       |     6 ||     6
 Stab: Sleeping          |     3 |       ||     3
  Eat: Chunk             |     2 |     2 ||     4
       Fruit             |       |     3 ||     3
Armor: Skin              |     4 |       ||     4
Dodge: Dodged            |    38 |    24 ||    62
